 Dungeon Crawl Stone Soup version 0.24-a0-416-g56ce5178b7 (webtiles) character file.

Game seed: 15749545593239314151

2130 Amnesiac the Insei (level 9, -5/57 HPs)
             Began as an Octopode Transmuter on June 9, 2019.
             Was an Initiate of Gozag.
             Killed from afar by an electric eel (9 damage)
             ... with a bolt of electricity
             ... on level 7 of the Dungeon.
             The game lasted 00:17:23 (6169 turns).

Amnesiac the Insei (Octopode Transmuter)            Turns: 6169, Time: 00:17:24

Health: -5/57      AC:  1    Str: 14    XL:     9   Next: 30%
Magic:  12/12      EV: 15    Int: 21    God:    Gozag
Gold:   980        SH:  0    Dex: 15    Spells: 7/13 levels left

rFire    . . .     SeeInvis .     - Unarmed
rCold    . . .     Gourm    .   (no shield)
rNeg     . . .     Faith    .   (helmet restricted)
rPois    .         Spirit   .   n - amulet of regeneration
rElec    .         Reflect  .   q - ring of resist corrosion
rCorr    +         Harm     .   l - +2 ring of intelligence
MR       .....                  v - +4 ring of strength
Stlth    ++........             w - ring of wizardry
HPRegen  0.59/turn              y - +4 ring of intelligence
MPRegen  0.13/turn              (no ring)
                                (no ring)
                                (no ring)

@: no status effects
A: almost no armour, stealthy swim, amphibious, 8 rings, constrict 8, camouflage
1, gelatinous body 1
a: Potion Petition, Call Merchant, Bribe Branch, Renounce Religion


You were on level 7 of the Dungeon.
You worshipped Gozag.
Gozag was pleased with you.
You were not hungry.

You visited 2 branches of the dungeon, and saw 8 of its levels.
You also visited: Ossuary.

You collected 1026 gold pieces.
You paid 46 gold pieces to Gozag.

Inventory:

Hand Weapons
 p - the +8 mace of Hadghenee {crush, Int+3}
   (You found it on level 5 of the Dungeon)

   It inflicts extra damage upon your enemies.
   It affects your intelligence (+3).
Missiles
 a - 64 arrows
 e - 20 poisoned darts (quivered)
 f - 7 curare-tipped darts
Jewellery
 l - a +2 ring of intelligence (right tentacle)
 n - an amulet of regeneration (around mantle)
 q - a ring of resist corrosion (left tentacle)
 v - a +4 ring of strength (on tentacle)
 w - a ring of wizardry (on tentacle)
 y - a +4 ring of intelligence (on tentacle)
Wands
 k - a wand of polymorph (7)
 o - a wand of digging (5)
 D - a wand of disintegration (5)
Scrolls
 g - 6 scrolls of teleportation {!r}
 s - 4 scrolls of amnesia {!r, unknown}
 u - 3 scrolls of immolation {!r, unknown}
 z - a scroll of fear {!r, unknown}
 A - 2 scrolls of fog {!r, unknown}
 B - 3 scrolls of remove curse {!r}
 C - a scroll of silence {!r, unknown}
 E - a scroll of enchant armour {!r, unknown}
 F - a scroll of blinking {!r, unknown}
 G - a scroll of holy word {!r, unknown}
 H - a scroll of magic mapping {!r}
 I - 3 scrolls of identify {!r}
Potions
 b - 2 potions of resistance {!q, unknown}
 d - a potion of cancellation {!q, unknown}
 h - 3 potions of mutation {!q, unknown}
 i - 2 potions of brilliance {!q, unknown}
 j - a potion of berserk rage {!q, unknown}
 m - 3 potions of invisibility {!q}
 r - 4 potions of haste {!q}
 t - a potion of magic {!q}
Comestibles
 c - 11 rations


   Skills:
 + Level 3.6 Fighting
 + Level 3.6 Dodging
 * Level 7.5 Unarmed Combat
 + Level 2.6 Spellcasting
 + Level 7.2 Transmutations
 + Level 4.7 Evocations


You had 7 spell levels left.
You knew the following spells:

 Your Spells              Type           Power        Failure   Level  Hunger
a - Beastly Appendage     Tmut           ####..       1%          1    None
b - Sticks to Snakes      Tmut           ####....     1%          2    ##.....
e - Spider Form           Tmut/Pois      ###.......   4%          3    ###....

Your spell library contained the following spells:

 Spells                   Type           Power        Failure   Level  Hunger
 Passwall                 Tmut/Erth      ###.....     1%          2    ##.....
 Sandblast                Erth           #.....       6%          1    None
 Blade Hands              Tmut           ####......   9%          5    ######.
 Ice Form                 Ice/Tmut       ###.....     12%         4    ####...
 Petrify                  Tmut/Erth      ###.....     12%         4    ####...
 Stone Arrow              Conj/Erth      #.....       16%         3    ###....
 Lee's Rapid Deconstruct  Erth           #.........   80%         5    ######.


Dungeon Overview and Level Annotations

Branches:
Dungeon (7/15)             Temple (1/1) D:5

Altars:
Ashenzari
Cheibriados
Dithmenos
Elyvilon
Fedhas
Gozag
Hepliaklqana
Nemelex Xobeh
Okawaru
Qazlal
Ru
Sif Muna
Uskayaw
Yredelemnul
The Shining One
Jiyva


Innate Abilities, Weirdness & Mutations

You cannot wear most types of armour.
You are very stealthy in the water. (Stealth+)
You are amphibious.
You can wear up to eight rings at the same time.
You can use your tentacles to constrict eight enemies at once.
Your skin changes colour to match your surroundings (Stealth+).
Your rubbery body absorbs attacks. (AC +1, EV +1)


Message History

The shadow imp hits you.
You tentacle-slap the shadow imp.
You kill the shadow imp!
The orc closely misses you.
Things that are here:
6 gold pieces; a +0 hand axe; a +0 leather armour You tentacle-slap the orc.
You grab the orc. You squeeze the orc.
You kill the orc!
No target in view!
No target in view!
You now have 980 gold pieces (gained 4).
Things that are here:
a +0 trident; a +0 leather armour
Things that are here:
a +0 short sword; a +0 leather armour The electric eel shoots out a bolt of lightning at you!
The bolt of electricity hits the plant!
The bolt of electricity misses you.
You tentacle-slap the plant. You grab the plant.
The plant is heavily damaged.
You constrict the plant, but do no damage.
The electric eel shoots out a bolt of lightning at you!
The bolt of electricity hits the plant.
The bolt of electricity misses you.
You tentacle-slap the plant but do no damage.
You squeeze the plant.
The plant is severely damaged.
You constrict the plant.
You tentacle-slap the plant but do no damage.
The plant is severely damaged.
You constrict the plant, but do no damage.
You tentacle-slap the plant but do no damage.
The plant is severely damaged.
You constrict the plant, but do no damage.
You tentacle-slap the plant.
The plant is almost destroyed.
You constrict the plant.
You tentacle-slap the plant but do no damage.
You squeeze the plant, but do no damage.
The plant is almost destroyed.
You constrict the plant. You tentacle-slap the plant.
The plant is almost destroyed.
You constrict the plant, but do no damage.
You tentacle-slap the plant but do no damage.
The plant is almost destroyed.
You constrict the plant.
You destroy the plant!
The electric eel shoots out a bolt of lightning at you!
The bolt of electricity hits you!
Things that are here:
a +0 short sword; a +0 leather armour The electric eel shoots out a bolt of lightning at you!
The bolt of electricity hits you! x2
* * * LOW HITPOINT WARNING * * *
The bolt of electricity hits the electric eel.
The electric eel completely resists.
The bolt of electricity hits the plant!
You closely miss the electric eel. You grab the electric eel.
You squeeze the electric eel, but do no damage.
You constrict the electric eel.
The electric eel shoots out a bolt of lightning at you!
The bolt of electricity hits you!
* * * LOW HITPOINT WARNING * * *
The bolt of electricity hits you!
You die...
Your body crumbles into a pile of gold.

P♣#........#
#........#
#........#
#.......)#
########$#
#)# #.# #
####)##
#≈≈♣≈≈#@.#
♣≈≈≈≈≈;#.###
≈≈≈≈≈≈≈≈...#
≈PP≈PP≈PP..#
...........#
≈P≈≈≈P≈≈≈..#
♣♣P≈≈≈PPP###
≈≈≈≈PP≈♣##
##♣≈≈≈♣


You could see an electric eel.

Vanquished Creatures
  Sigmund (D:3)
  A wraith (Ossuary)
  A sky beast (D:5)
  A black bear (D:7)
  A phantom (D:4)
  2 centaurs (D:7)
  An ogre (D:5)
  2 bullfrogs
  2 killer bees (D:7)
  3 wights (D:2)
  4 electric eels (D:7)
  2 howler monkeys (D:5)
  2 crimson imps
  A centaur zombie (D:7)
  3 hounds
  An orc priest (D:4)
  3 orc wizards
  A centaur skeleton (D:4)
  An iguana (D:7)
  Natasha (twice) (D:3)
  5 worker ants
  A hound zombie (D:7)
  A hound skeleton (D:4)
  A mummy (Ossuary)
  A worker ant zombie (D:5)
  A howler monkey skeleton (D:6)
  3 adders (D:5)
  3 shadow imps
  An adder skeleton (D:5)
  2 worms (D:2)
  5 dart slugs
  5 leopard geckos
  19 orcs
  2 ball pythons
  2 giant cockroaches
  6 goblins
  5 hobgoblins
  18 jackals
  4 kobolds
  A quokka (D:2)
  4 bats
  6 frilled lizards
  7 gnoll skeletons (Ossuary)
  5 kobold skeletons (Ossuary)
  A leopard gecko skeleton (D:2)
  13 orc skeletons (Ossuary)
  A quokka skeleton (D:6)
  7 rats
  A plant (D:7)
166 creatures vanquished.

Vanquished Creatures (collateral kills)
  Natasha (D:3)
  A worker ant (D:4)
2 creatures vanquished.

Vanquished Creatures (others)
  A bush (D:7)
1 creature vanquished.

Grand Total: 169 creatures vanquished

Notes
Turn   | Place    | Note
-------+----------+-------------------------------------------
     0 | D:1      | Amnesiac the Octopode Transmuter began the quest for the
                  | Orb.
     0 | D:1      | Reached XP level 1. HP: 13/13 MP: 3/3
    84 | D:1      | Reached XP level 2. HP: 12/18 MP: 5/5
   232 | D:2      | Noticed Natasha
   239 | D:3      | Killed Natasha
   239 | D:3      | Reached XP level 3. HP: 23/25 MP: 6/6
   244 | D:3      | Learned a level 2 spell: Sticks to Snakes
   283 | D:3      | Noticed Natasha
   293 | D:3      | Killed Natasha
   293 | D:3      | Reached XP level 4. HP: 15/30 MP: 4/7
   402 | D:3      | Noticed Natasha
   409 | D:3      | Killed Natasha
   652 | D:4      | Noticed a phantom
  1025 | D:5      | Entered Level 5 of the Dungeon
  1042 | D:5      | Reached XP level 5. HP: 27/35 MP: 8/8
  1066 | D:5      | Found a staircase to the Ecumenical Temple.
  1075 | Temple   | Entered the Ecumenical Temple
  1197 | D:5      | Noticed a sky beast
  1239 | D:5      | Killed a sky beast
  1239 | D:5      | Reached XP level 6. HP: 29/41 MP: 9/9
  1312 | D:5      | Found a shadowy altar of Dithmenos.
  1685 | D:5      | Got a warped mace
  1770 | D:5      | Found a snail-covered altar of Cheibriados.
  1877 | D:4      | Reached skill level 5 in Unarmed Combat
  1877 | D:4      | Reached skill level 5 in Transmutations
  1877 | D:4      | Reached XP level 7. HP: 43/45 MP: 10/10
  2116 | Temple   | Became a worshipper of Gozag Ym Sagoz the Greedy
  3284 | D:2      | Found a hazy altar of Hepliaklqana.
  3341 | D:2      | Found a deep blue altar of Sif Muna.
  3628 | D:3      | Noticed Sigmund
  3712 | D:3      | Killed Sigmund
  3747 | D:3      | Identified the +8 mace of Hadghenee {crush, Int+3} (You
                  | found it on level 5 of the Dungeon)
  4243 | D:4      | Reached XP level 8. HP: 20/51 MP: 11/11
  5066 | D:6      | Found a sand-covered staircase.
  5092 | Ossuary  | Entered an ossuary
  5092 | Ossuary  | Noticed a wraith
  5092 | Ossuary  | Noticed a wraith
  5092 | Ossuary  | Noticed a wraith
  5195 | Ossuary  | Noticed a wraith
  5266 | Ossuary  | Killed a wraith
  5271 | Ossuary  | Learned a level 3 spell: Spider Form
  5553 | D:6      | Found a glowing golden altar of the Shining One.
  5607 | D:7      | Found a blossoming altar of Fedhas.
  5869 | D:7      | Reached XP level 9. HP: 32/57 MP: 12/12
  6169 | D:7      | Killed from afar by an electric eel

Levels and vault maps discovered:
D:1:      minmay_arrival_open_corners, layout_loops_ring
D:2:      layout_rooms, nicolae_overflow_crystal_walls,
          overflow_temple_1_default, serial_undead, serial_undead_e,
          serial_undead_f, serial_undead_e, serial_undead_b, uniq_natasha
D:3:      layout_basic, chequers_serial_rivers_small_b, uniq_sigmund
D:4:      layout_basic, first_ration, serial_glass, glass_columns_a,
          glass_columns_a
D:5:      layout_basic, lemuel_round_altar, lemuel_doored_altar,
          lemuel_temple_firewalk_a
D:6:      layout_rooms, overflow_temple_1_default, enter_ossuary_1
D:7:      layout_basic, kennysheep_mini, fedhas_bush_and_centaur_altar,
          gammafunk_ghost_smash, serial_bayou, serial_bayou_lagoon_b,
          serial_bayou_lake_a, serial_bayou_pond_b, serial_bayou_pond_a,
          serial_bayou_pond_d
Temple:   pf_slimified_temple

Skill      XL: |  1  2  3  4  5  6  7  8 |
---------------+-------------------------+-----
Transmutations | 3 4 5 6 7 |  7.2
Fighting       | 2 3 |  3.6
Unarmed Combat | 4 5 6 7 |  7.5
Dodging        | 3 |  3.6
Evocations     | 4 |  4.7
Spellcasting   | |  2.6

Action                   |  1- 3 |  4- 6 |  7- 9 || total
-------------------------+-------+-------+-------++-------
Melee: Unarmed           |    46 |    73 |   322 ||   441
       Constrict         |    14 |    15 |    86 ||   115
       Tentacles         |     5 |    18 |    62 ||    85
       Punch             |     1 |     3 |    15 ||    19
Throw: Dart              |       |    10 |     5 ||    15
 Cast: Sticks to Snakes  |     1 |     8 |    13 ||    22
Invok: Potion Petition   |       |       |     1 ||     1
Evoke: Wand              |       |       |     6 ||     6
  Use: Potion            |       |     4 |     3 ||     7
       Scroll            |       |     3 |     4 ||     7
 Stab: Sleeping          |       |     2 |     8 ||    10
       Distracted        |       |       |     3 ||     3
       Invisible         |       |       |     2 ||     2
  Eat: Chunk             |       |     3 |       ||     3
       Ration            |       |       |     5 ||     5
Armor: Skin              |     3 |     5 |     8 ||    16
Dodge: Dodged            |    35 |    56 |   184 ||   275

Table legend:
 A = Non-vault XP
 B = Vault XP
 C = Vault XP percentage of total XP
 D = Non-vault monster count
 E = Vault monster count
 F = Vault count percentage of total count
                 A         B        C        D         E       F
            +---------+---------+-------+---------+---------+-------
      Total |    2487 |     557 |  18.3 |     136 |      31 |  18.6
            +---------+---------+-------+---------+---------+-------
        D:1 |      52 |       0 |   0.0 |      26 |       0 |   0.0
        D:2 |     205 |       1 |   0.5 |      22 |       1 |   4.3
        D:3 |      87 |     193 |  68.9 |      13 |       2 |  13.3
        D:4 |     538 |       0 |   0.0 |      30 |       0 |   0.0
        D:5 |     437 |       0 |   0.0 |      14 |       0 |   0.0
        D:6 |     213 |       0 |   0.0 |      10 |       0 |   0.0
        D:7 |     955 |     115 |  10.7 |      21 |       1 |   4.5
    Ossuary |       0 |     248 | 100.0 |       0 |      27 | 100.0
            +---------+---------+-------+---------+---------+-------
